 Dungeon Crawl Stone Soup version 0.20-a0-1050-g57248f3 (webtiles) character file.

2108 x1a0 the Slasher (level 9, 0/68 HPs)
             Began as a Demonspawn Gladiator on Apr 25, 2017.
             Was a Follower of Trog.
             Slain by a killer bee (5 damage)
             ... on level 8 of the Dungeon.
             The game lasted 00:30:02 (6774 turns).

x1a0 the Slasher (Demonspawn Gladiator)             Turns: 6774, Time: 00:30:03

Health: 0/68       AC: 11    Str: 19    XL:     9   Next: 7%
Magic:  18/18      EV: 10    Int: 12    God:    Trog [*.....]
Gold:   294        SH:  0    Dex: 22    Spells: 8/8 levels left

rFire    + . .     SeeInvis .   c - +1 rapier (vamp)
rCold    x . .     Gourm    .   (no shield)
rNeg     . . .     Faith    .   E - +0 chain mail
rPois    +         Spirit   .   D - +0 hat of the Equator {rElec rPois Int+3 Dex+2} (curse)
rElec    +         Reflect  .   (no cloak)
rCorr    .         Harm     .   (no gloves)
MR       .....                  (no boots)
Stlth    ..........             v - amulet "Bischi Uref" {*Slow +Rage +Inv MP+9 Dex+6}
Regen    0.3/turn               o - ring of fire
MPRegen  0.2/turn               (no ring)

@: lethally poisoned (0 -> -1), about to teleport
A: talons 2, molten scales 1, demonic guardian 1, rot immunity
a: Berserk, Burn Spellbooks, Renounce Religion, Evoke Berserk Rage, Evoke
Invisibility


You were on level 8 of the Dungeon.
You worshipped Trog.
Trog was aware of your devotion.
You were very hungry.

You visited 1 branch of the dungeon, and saw 8 of its levels.

You collected 294 gold pieces.

Inventory:

Hand Weapons
 c - a +1 vampiric rapier (weapon)
 A - a +0 falchion of protection
 C - a +0 great sword
Missiles
 d - 4 throwing nets (quivered)
Armour
 D - the cursed +0 hat of the Equator (worn) {rElec rPois Int+3 Dex+2}
   (You found it on level 7 of the Dungeon)

   It affects your intelligence (+3).
   It affects your dexterity (+2).
   It insulates you from electricity.
   It protects you from poison.
   It has a curse placed upon it.
 E - a +0 chain mail (worn)
Magical Staves
 z - an uncursed staff of cold
Jewellery
 o - a ring of fire (left hand)
 v - the amulet "Bischi Uref" (around neck) {*Slow +Rage +Inv MP+9 Dex+6}
   (You found it on level 5 of the Dungeon)

   [amulet of rage]

   It affects your dexterity (+6).
   It affects your magic capacity (+9).
   It lets you turn invisible.
   It lets you go berserk.
   It may slow you when you take damage.
Wands
 a - a wand of flame (37/48)
 n - a wand of flame (4/48)
 w - a wand of iceblast (2/15)
Scrolls
 e - 9 scrolls of identify
 i - 3 scrolls of blinking
 q - 3 scrolls of remove curse
 x - 2 scrolls of amnesia {unknown}
 y - a scroll of brand weapon {unknown}
Potions
 b - a potion of lignification
 g - a potion of heal wounds {unknown}
 h - a potion of agility {unknown}
 l - a potion of brilliance {unknown}
 p - 2 potions of invisibility {unknown}
 r - 3 potions of curing {unknown}
 t - 2 potions of mutation {unknown}
 u - a potion of flight {unknown}
Comestibles
 f - 3 bread rations
 j - 3 royal jellies
 k - a meat ration
 s - 5 fruits


   Skills:
 + Level 5.0 Fighting
 * Level 2.5(5.3) Short Blades
 - Level 7.4(7.7) Long Blades
 + Level 1.9 Throwing
 + Level 5.1 Armour
 + Level 4.3 Dodging
 + Level 1.2 Stealth
 + Level 0.8 Evocations


You had 8 spell levels left.
You didn't know any spells.

Dungeon Overview and Level Annotations

Branches:
Dungeon (8/15)             Temple (0/1) D:7
   Lair: D:8-11

Altars:
Ashenzari
Cheibriados
Elyvilon
Fedhas
Gozag
Hepliaklqana
Okawaru
Trog
Vehumet
Zin
The Shining One

Shops:
D:5 =


Innate Abilities, Weirdness & Mutations

You have razor-sharp toenails.
You are partially covered in molten scales. (AC +2)
A weak demonic guardian rushes to your aid.
You are immune to rotting.


Message History

The killer bee closely misses you. The killer bee barely misses you.
The killer bee barely misses you. The killer bee stings you.
* * * LOW HITPOINT WARNING * * *
The killer bee stings you.
* * * LOW HITPOINT WARNING * * *
You are poisoned.
The killer bee poisons you! The killer bee stings you.
* * * LOW HITPOINT WARNING * * *
You feel sick. The killer bee closely misses you.
Your shadow imp closely misses the killer bee.
The killer bee stings you.
* * * LOW HITPOINT WARNING * * *
You feel sick. The killer bee stings you.
* * * LOW HITPOINT WARNING * * *
Your shadow imp closely misses the quasit.
The killer bee stings you but does no damage.
As you read the scroll of teleportation, it crumbles to dust.
You feel strangely unstable.
You feel sick. The killer bee misses you. The killer bee stings you.
You die...

#......##≈##+##≈#
#..)... #.≈.≈.≈.#
####### ##..!..##
##...##
#######5##
......5y#
##.####y# #y# #@#
#.# ..# .#.#
..#.# .. #.# .##
#.# .. ..#


You could see 3 killer bees, a quasit and a friendly shadow imp.

Vanquished Creatures
  The ghost of Trigun the Skirmisher, an amateur GnWn of Ashenzari (D:3)
  A water moccasin (D:5)
  2 orc warriors
  2 ogres (D:7)
  2 bullfrogs (D:6)
  A water moccasin skeleton (D:7)
  2 killer bees (D:8)
  A centaur zombie (D:4)
  3 hounds
  3 orc wizards (D:6)
  A bullfrog skeleton (D:5)
  4 centaur skeletons
  3 orc priests
  Ijyb (D:3)
  2 worker ants
  A hound skeleton (D:4)
  9 gnolls
  4 adders
  An adder skeleton (D:7)
  A worm (D:2)
  2 dart slugs (D:1)
  3 leopard geckos
  15 orcs
  2 ball pythons (D:1)
  2 giant cockroaches
  7 hobgoblins
  2 jackals (D:7)
  3 quokkas
  7 bats
  4 frilled lizards
  4 goblins
  3 kobolds
  3 rats
102 creatures vanquished.

Vanquished Creatures (collateral kills)
  Pikel (D:6)
  A wyvern (D:7)
  A centaur (D:5)
  A killer bee (D:8)
  Natasha (D:2)
  2 gnolls (D:3)
  A worker ant zombie (D:5)
  A kobold (D:7)
9 creatures vanquished.

Vanquished Creatures (others)
  A slave (D:6)
  An ice beast (D:6)
  2 centaurs (D:6)
  2 scorpions (D:6)
  A centaur skeleton (D:6)
  A worker ant zombie (D:6)
  An adder (D:6)
  An orc (D:6)
10 creatures vanquished.

Grand Total: 121 creatures vanquished

Notes
Turn   | Place    | Note
-------+----------+-------------------------------------------
     0 | D:1      | x1a0 the Demonspawn Gladiator began the quest for the Orb.
     0 | D:1      | Reached XP level 1. HP: 16/16 MP: 1/1
   209 | D:1      | Gained mutation: A weak demonic guardian rushes to your aid. [demonic ancestry]
   209 | D:1      | Reached XP level 2. HP: 19/22 MP: 2/2
   333 | D:1      | Reached skill level 3 in Long Blades
   920 | D:2      | Found a glowing golden altar of the Shining One.
   955 | D:2      | Reached XP level 3. HP: 13/27 MP: 3/3
  1116 | D:2      | Noticed Natasha
  1123 | D:2      | Killed Natasha
  1258 | D:3      | Noticed Trigun's ghost (amateur GnWn)
  1282 | D:3      | Killed Trigun's ghost
  1282 | D:3      | Reached skill level 4 in Long Blades
  1282 | D:3      | Reached skill level 1 in Armour
  1282 | D:3      | Gained mutation: You are partially covered in molten scales. (AC +2) [demonic ancestry]
  1282 | D:3      | Reached XP level 4. HP: 15/34 MP: 4/4
  1282 | D:3      | Gained mutation: You have sharp toenails. [demonic ancestry]
  1282 | D:3      | Reached XP level 5. HP: 17/39 MP: 5/5
  1661 | D:3      | Noticed Ijyb
  1685 | D:3      | Killed Ijyb
  1842 | D:3      | Found an opulent altar of Gozag.
  2433 | D:4      | Reached XP level 6. HP: 47/47 MP: 6/6
  2791 | D:4      | Reached skill level 5 in Long Blades
  2851 | D:4      | Found a white marble altar of Elyvilon.
  3439 | D:5      | Entered Level 5 of the Dungeon
  3446 | D:5      | Found a white marble altar of Elyvilon.
  3638 | D:5      | Found Wodadal's Jewellery Shoppe.
  3672 | D:5      | Got a twitching amethyst amulet
  3673 | D:5      | Identified the amulet "Bischi Uref" {*Slow +Rage +Inv MP+9 Dex+6} (You found it on level 5 of the Dungeon)
  3768 | D:5      | Reached skill level 1 in Stealth
  3857 | D:5      | Reached XP level 7. HP: 32/52 MP: 7/7
  4315 | D:6      | Noticed Pikel
  4332 | D:6      | Reached skill level 6 in Long Blades
  4332 | D:6      | Paralysed by Pikel for 6 turns
  4372 | D:6      | Killed Pikel
  4372 | D:6      | Gained mutation: You are immune to rotting. [demonic ancestry]
  4372 | D:6      | Reached XP level 8. HP: 26/60 MP: 8/8
  4605 | D:6      | Reached skill level 7 in Long Blades
  4882 | D:6      | Found a bloodstained altar of Trog.
  4888 | D:6      | Became a worshipper of Trog the Wrathful
  5131 | D:6      | Found a shattered altar of Ashenzari.
  5241 | D:6      | Found a snail-covered altar of Cheibriados.
  5557 | D:7      | Found a staircase to the Ecumenical Temple.
  5583 | D:7      | Found a radiant altar of Vehumet.
  5904 | D:7      | Reached * piety under Trog
  6007 | D:7      | Found a hazy altar of Hepliaklqana.
  6010 | D:7      | Got an encrusted hat
  6021 | D:7      | Identified the cursed +0 hat of the Equator {rElec rPois Int+3 Dex+2} (You found it on level 7 of the Dungeon)
  6037 | D:7      | Found an iron altar of Okawaru.
  6039 | D:7      | Found a blossoming altar of Fedhas.
  6130 | D:7      | Reached skill level 1 in Short Blades
  6149 | D:7      | Found a glowing silver altar of Zin.
  6174 | D:7      | Reached skill level 5 in Armour
  6244 | D:7      | HP: 3/61 [ogre/giant club (13)]
  6249 | D:7      | Reached skill level 5 in Fighting
  6249 | D:7      | Gained mutation: You have razor-sharp toenails. [demonic ancestry]
  6249 | D:7      | Reached XP level 9. HP: 5/68 MP: 9/9
  6774 | D:8      | Slain by a killer bee

Vault maps used:
D:1:      minmay_arrival_four_houses, serial_bayou_pond_d, minmay_tetromino_t2
D:2:      minmay_diamond_boxcup, lemuel_crystal_altar, marbit_many_paths,
          lemuel_doored_altar, lemuel_coloured_pillars_altar, uniq_natasha,
          uniq_jessica
D:3:      minivault_23, nicolae_gozag_seed_capital, uniq_ijyb
D:4:      elyvilon_altar_1
D:5:      first_bread, basic_altar, serial_shops, nicolae_shop_waterfront
D:6:      kennysheep_mini_moat, bloody_trog, old_standard_altar,
          hangedman_decor_push, uniq_pikel
D:7:      vehumet_altar_wand_db, minitemple, temple_statues, basic_altar,
          hangedman_decor_opposing
D:8:      nicolae_dithmenos_the_darkroom, old_standard_altar, serial_shops,
          nicolae_shop_stone, shop, shop_statue, shop,
          hangedman_little_slice_of_home, uniq_erica

Skill      XL: |  1  2  3  4  5  6  7  8  9 |
---------------+----------------------------+-----
Long Blades    | 3 4 5 6 7 |  7.4
Dodging        | 3 4 |  4.3
Armour         | 1 2 3 5 |  5.1
Fighting       | 3 4 5 |  5.0
Stealth        | 1 |  1.2
Short Blades   | 1 2 |  2.5
Throwing       | |  1.9
Evocations     | |  0.8

Action                   |  1- 3 |  4- 6 |  7- 9 || total
-------------------------+-------+-------+-------++-------
Melee: Long sword        |    86 |   125 |   122 ||   333
       Kick              |       |    50 |   111 ||   161
       Falchion          |       |       |    57 ||    57
       Rapier            |       |       |    74 ||    74
Throw: Throwing net      |       |       |     1 ||     1
Evoke: Wand              |       |       |     4 ||     4
  Use: Scroll            |       |     6 |     5 ||    11
 Stab: Distracted        |       |     1 |       ||     1
  Eat: Chunk             |     1 |     4 |     7 ||    12
       Bread ration      |       |     1 |     1 ||     2
       Fruit             |       |       |     2 ||     2
Armor: Leather armour    |    29 |       |       ||    29
       Scale mail        |    26 |    57 |    79 ||   162
       Chain mail        |       |       |    27 ||    27
Dodge: Dodged            |    54 |    76 |   136 ||   266
       Rpst.: Long sword |    16 |    27 |    17 ||    60
       Falchion          |       |       |    12 ||    12
